 Dungeon Crawl Stone Soup version 0.29-a0-330-g52719c12eb (webtiles) character file.

Game seed: 16485797032852848510

2285 Crownlay the Magician (level 9, -18/65 HPs)
             Began as a Gnoll Fire Elementalist on May 3, 2022.
             Was a Follower of Vehumet.
             Demolished by an orc warlord
             ... wielding a +0 battleaxe
              (20 damage)
             ... in a bailey.
             The game lasted 00:14:29 (6868 turns).

Crownlay the Magician (Gnoll Fire Elementalist)     Turns: 6868, Time: 00:14:30

Health: -18/65     AC:  8    Str:  8    XL:     9   Next: 39%
Magic:  4/18       EV: 14    Int: 25    God:    Vehumet [*.....]
Gold:   486        SH:  0    Dex: 12    Spells: 11/21 levels left

rFire   . . .      SeeInvis .   o - +0 spear (vamp)
rCold   . . .      Faith    .   (no shield)
rNeg    . . .      Spirit   .   j - +0 steam dragon scales
rPois   .          Reflect  .   k - +0 helmet
rElec   .          Harm     .   e - +0 cloak
rCorr   .          Rampage  .   (no gloves)
Will    .....                   (no boots)
Stlth   +++.......              u - amulet of magic regeneration
HPRegen 0.20/turn               m - +6 ring of intelligence
MPRegen 0.56/turn               (no ring)

@: no status effects
A: fangs 1, strong nose, distributed training
a: Renounce Religion


You were in a bailey.
You worshipped Vehumet.
Vehumet was aware of your devotion.
You visited 2 branches of the dungeon, and saw 8 of its levels.
You also visited: Bailey.

You collected 486 gold pieces.

Inventory:

Hand Weapons
 o - a +0 vampiric spear (weapon)
Missiles
 d - 2 throwing nets
Armour
 e - a +0 cloak (worn)
 j - +0 steam dragon scales (worn)
 k - a +0 helmet (worn)
 x - a +1 pair of boots
Jewellery
 m - a +6 ring of intelligence (left hand)
 s - a ring of ice
 t - a ring of ice
 u - an amulet of magic regeneration (around neck)
Scrolls
 a - a scroll of brand weapon
 l - 2 scrolls of fear
 p - a scroll of torment {unknown}
 q - 2 scrolls of enchant armour
 v - 2 scrolls of fog {unknown}
 y - a scroll of blinking {unknown}
Potions
 b - 2 potions of magic
 c - 4 potions of curing {unknown}
 f - 3 potions of flight {unknown}
 g - a potion of cancellation {unknown}
 h - 2 potions of lignification {unknown}
 i - a potion of haste
 n - 3 potions of heal wounds {unknown}
 r - a potion of invisibility {unknown}
 w - a potion of ambrosia {unknown}
 z - a potion of might {unknown}
 A - a potion of brilliance {unknown}


   Skills:
 + Level 4.2 Fighting
 + Level 4.2 Short Blades
 + Level 4.2 Long Blades
 + Level 4.2 Axes
 + Level 4.2 Maces & Flails
 + Level 4.2 Polearms
 + Level 4.2 Staves
 + Level 4.2 Slings
 + Level 4.2 Bows
 + Level 4.2 Crossbows
 + Level 4.2 Throwing
 + Level 4.2 Armour
 + Level 6.3 Dodging
 + Level 6.0 Stealth
 + Level 4.2 Shields
 + Level 4.2 Unarmed Combat
 + Level 6.6 Spellcasting
 + Level 4.1 Conjurations
 + Level 3.4 Hexes
 + Level 3.4 Summonings
 + Level 3.4 Necromancy
 + Level 3.4 Translocations
 + Level 3.4 Transmutations
 + Level 6.5 Fire Magic
 + Level 3.4 Ice Magic
 + Level 3.4 Air Magic
 + Level 3.4 Earth Magic
 + Level 3.4 Poison Magic
 + Level 4.6 Invocations
 + Level 4.2 Evocations


You had 11 spell levels left.
You knew the following spells:

 Your Spells              Type           Power      Damage    Failure   Level
a - Foxfire               Conj/Fire      100%       2x1d9     1%          1
b - Scorch                Fire           82%        2d9       1%          2
c - Inner Flame           Hex/Fire       33%        N/A       2%          3
d - Flame Wave            Conj/Fire      35%        2d8       8%          4

Your spell library contained the following spells:

 Spells                   Type           Power      Damage    Failure   Level
 Freeze                   Ice            100%       1d11      1%          1
 Animate Skeleton         Necr           50%        N/A       1%          1
 Apportation              Tloc           50%        N/A       1%          1
 Sting                    Tmut/Pois      100%       1d8       1%          1
 Summon Small Mammal      Summ           100%       N/A       1%          1
 Poisonous Vapours        Pois/Air       50%        N/A       2%          2
 Conjure Flame            Conj/Fire      35%        6-21      2%          3
 Olgreb's Toxic Radiance  Pois           25%        N/A       17%         4


Dungeon Overview and Level Annotations

Branches:
Dungeon (7/15)             Temple (1/1) D:5          Bailey (1/1)

Altars:
Ashenzari
Cheibriados
Elyvilon
Fedhas
Gozag
Hepliaklqana
Kikubaaqudgha
Makhleb
Nemelex Xobeh
Okawaru
Qazlal
Ru
Sif Muna
Trog
Uskayaw
Vehumet
Wu Jian
Xom
Yredelemnul
Zin


Innate Abilities, Weirdness & Mutations

You have very sharp teeth.
Your uncanny sense of smell can sniff out nearby items.
Your experience applies equally to all skills.


Message History

A wave of flame ripples out!
The flame wave engulfs the orc warlord!
The orc warlord is lightly wounded.
The flame wave engulfs the orc!
You kill the orc!
Vehumet accepts your kill.
You feel your power returning. (Press . to intensify the flame waves.)
The orc warlord hits you with a +0 battleaxe!
Casting: Flame Wave (dangerous; 8% risk of failure)
Confirm with . or Enter, or press ? or * to list all spells.
Restarting spell: Flame Wave (dangerous; 8% risk of failure)
Press: ? - help, Dir - look around, f - activate A wave of flame ripples out!
The flame wave engulfs the orc warlord.
The orc warlord is lightly wounded. (Press . to intensify the flame waves.)
The orc warlord barely misses you.
Casting: Flame Wave (dangerous; 8% risk of failure)
Confirm with . or Enter, or press ? or * to list all spells.
Restarting spell: Flame Wave (dangerous; 8% risk of failure)
Press: ? - help, Dir - look around, f - activate A wave of flame ripples out!
The flame wave engulfs the orc warlord but does no damage.
The orc warlord is lightly wounded. (Press . to intensify the flame waves.)
The orc warlord is engulfed in a cloud of scalding steam.
The orc warlord hits you with a +0 battleaxe!!
Casting: Flame Wave (dangerous; 8% risk of failure)
Confirm with . or Enter, or press ? or * to list all spells.
Restarting spell: Flame Wave (dangerous; 8% risk of failure)
Press: ? - help, Dir - look around, f - activate A wave of flame ripples out!
The flame wave engulfs the orc warlord!
The orc warlord is moderately wounded. (Press . to intensify the flame waves.)
The orc warlord hits you with a +0 battleaxe!!
* * * LOW HITPOINT WARNING * * *
As you read the scroll of fear, it crumbles to dust.
You assume a fearsome visage.
The orc warlord resists with some effort.
The orc warlord hits you with a +0 battleaxe!!
You die...

.....#≈≈≈≈≈#..........#
8....'.(.).'..........#
...#########......8...#
..##≈≈≈# ≈ ####..)...##
..#≈[... .≈#≈o#.....##
..#≈!... ....≈#..).##
..##8.8. .8.8≈##...#
(..#.... ....≈)'...#
...#.... ....≈≈)@..#
...#.... ....≈≈o...#
..##8.8. .8.8≈##..(#
..#≈?... ....≈#....##
(.#≈[... .≈#≈≈#....)##
.(##≈≈≈# ≈ ####......##
...#########.)(...8..)#
8..).'...).')(........#
.....#≈(≈≈≈#..........#


You could see an orc warlord.

Vanquished Creatures
  Maggie (D:6)
  3 ice beasts
  4 orc warriors (Bailey)
  A black bear (D:6)
  3 ogres
  A kobold brigand (D:5)
  Blork the orc (D:4)
  4 scorpions
  An orc priest (D:4)
  A gnoll shaman (D:5)
  5 hounds
  A jelly (D:6)
  3 iguanas
  An orc wizard (D:6)
  7 gnolls
  12 adders
  An ufetubus (D:5)
  3 worms (D:3)
  3 dart slugs
  23 orcs
  13 endoplasms
  9 goblins
  3 hobgoblins (Bailey)
  6 jackals
  28 kobolds
  5 quokkas
  6 ball pythons
  7 bats
  5 frilled lizards
  2 rats
163 creatures vanquished.

Vanquished Creatures (others)
  566 foxfires
566 creatures vanquished.

Grand Total: 729 creatures vanquished

Notes
Turn   | Place    | Note
-------+----------+-------------------------------------------
     0 | D:1      | Crownlay the Gnoll Fire Elementalist began the quest for
                  | the Orb.
     0 | D:1      | Reached XP level 1. HP: 13/13 MP: 6/6
   255 | D:1      | Reached XP level 2. HP: 20/20 MP: 3/7
   783 | D:1      | Reached XP level 3. HP: 25/25 MP: 5/9
   786 | D:1      | Learned a level 2 spell: Scorch
   827 | D:1      | Learned a level 3 spell: Inner Flame
   862 | D:1      | Reached skill level 5 in Spellcasting
  1050 | D:2      | Found a faded altar of an unknown god.
  1530 | D:2      | Reached skill level 1 in Invocations
  1707 | D:2      | Reached skill level 1 in Fighting
  1707 | D:2      | Reached skill level 1 in Short Blades
  1707 | D:2      | Reached skill level 1 in Long Blades
  1707 | D:2      | Reached skill level 1 in Axes
  1707 | D:2      | Reached skill level 1 in Maces & Flails
  1707 | D:2      | Reached skill level 1 in Polearms
  1707 | D:2      | Reached skill level 1 in Staves
  1707 | D:2      | Reached skill level 1 in Slings
  1707 | D:2      | Reached skill level 1 in Bows
  1707 | D:2      | Reached skill level 1 in Crossbows
  1707 | D:2      | Reached skill level 1 in Throwing
  1707 | D:2      | Reached skill level 1 in Armour
  1707 | D:2      | Reached skill level 1 in Shields
  1707 | D:2      | Reached skill level 1 in Unarmed Combat
  1707 | D:2      | Reached skill level 1 in Evocations
  2295 | D:3      | Reached XP level 4. HP: 32/32 MP: 6/11
  2353 | D:3      | Found a sacrificial altar of Ru.
  2853 | D:3      | Reached skill level 1 in Hexes
  2853 | D:3      | Reached skill level 1 in Summonings
  2853 | D:3      | Reached skill level 1 in Necromancy
  2853 | D:3      | Reached skill level 1 in Translocations
  2853 | D:3      | Reached skill level 1 in Transmutations
  2853 | D:3      | Reached skill level 1 in Ice Magic
  2853 | D:3      | Reached skill level 1 in Air Magic
  2853 | D:3      | Reached skill level 1 in Earth Magic
  2853 | D:3      | Reached skill level 1 in Poison Magic
  2971 | D:3      | Found a blossoming altar of Fedhas.
  2987 | D:3      | Found a glowing silver altar of Zin.
  2988 | D:3      | Found a stormy altar of Qazlal.
  3532 | D:4      | Reached XP level 5. HP: 37/37 MP: 7/12
  3588 | D:4      | Learned a level 4 spell: Flame Wave
  3893 | D:4      | Reached XP level 6. HP: 38/44 MP: 6/13
  3981 | D:4      | Noticed Blork the orc
  3987 | D:4      | Killed Blork the orc
  3988 | D:4      | Reached skill level 5 in Dodging
  4303 | D:4      | Found a white marble altar of Elyvilon.
  4657 | D:5      | Entered Level 5 of the Dungeon
  4675 | D:5      | Reached XP level 7. HP: 49/50 MP: 12/15
  4839 | D:5      | Reached skill level 5 in Stealth
  5187 | D:5      | Found a shimmering blue altar of Sif Muna.
  5233 | D:5      | Reached XP level 8. HP: 57/57 MP: 13/16
  5449 | D:5      | Found a staircase to the Ecumenical Temple.
  5458 | Temple   | Entered the Ecumenical Temple
  5559 | Temple   | Became a worshipper of Vehumet
  6023 | D:6      | Noticed Maggie
  6035 | D:6      | Killed Maggie
  6122 | D:6      | Reached XP level 9. HP: 65/65 MP: 14/18
  6626 | D:7      | Found a flagged portal.
  6635 | Bailey   | Entered a bailey
  6646 | Bailey   | Noticed an orc warlord
  6649 | Bailey   | Reached * piety under Vehumet
  6649 | Bailey   | Offered knowledge of Freeze by Vehumet.
  6718 | Bailey   | Found a runed translucent gate.
  6720 | Bailey   | Found a runed translucent gate.
  6732 | Bailey   | Found a runed translucent gate.
  6867 | Bailey   | HP: 2/65 [orc warlord/+0 battleaxe (30)]
  6868 | Bailey   | Demolished by an orc warlord

Illustrated notes

Levels and vault maps discovered:
D:1:      psy_arrival_whirlpool, layout_basic
D:2:      layout_loops_corners, shapermc_ecumenical_altar_totnotflames
D:3:      layout_loops_ring, general_overflow_altar, minitemple, fountainhead,
          st_stairs_10, minmay_unequal
D:4:      layout_loops_cross, elyvilon_altar_1, uniq_blork_the_orc
D:5:      layout_loops_ring, amcnicky_altar_gilded, minmay_temple_entry_tees
D:6:      layout_loops_ring, uniq_maggie
D:7:      layout_layer_cave, enter_bailey_6,
          nicolae_ossuary_entry_false_entrances
Temple:   nicolae_temple_great_sept
Bailey:   bailey_axe_bossmonster_kennysheep, bailey

Skill      XL: |  1  2  3  4  5  6  7  8  9 |
---------------+----------------------------+-----
Conjurations   | 2 3 4 |  4.1
Spellcasting   | 5 6 |  6.6
Invocations    | 1 2 3 4 |  4.6
Fighting       | 1 2 3 4 |  4.2
Short Blades   | 1 2 3 4 |  4.2
Long Blades    | 1 2 3 4 |  4.2
Axes           | 1 2 3 4 |  4.2
Maces & Flails | 1 2 3 4 |  4.2
Polearms       | 1 2 3 4 |  4.2
Staves         | 1 2 3 4 |  4.2
Slings         | 1 2 3 4 |  4.2
Bows           | 1 2 3 4 |  4.2
Crossbows      | 1 2 3 4 |  4.2
Throwing       | 1 2 3 4 |  4.2
Armour         | 1 2 3 4 |  4.2
Shields        | 1 2 3 4 |  4.2
Unarmed Combat | 1 2 3 4 |  4.2
Evocations     | 1 2 3 4 |  4.2
Hexes          | 1 2 3 |  3.4
Summonings     | 1 2 3 |  3.4
Necromancy     | 1 2 3 |  3.4
Translocations | 1 2 3 |  3.4
Transmutations | 1 2 3 |  3.4
Ice Magic      | 1 2 3 |  3.4
Air Magic      | 1 2 3 |  3.4
Earth Magic    | 1 2 3 |  3.4
Poison Magic   | 1 2 3 |  3.4
Dodging        | 5 6 |  6.3
Stealth        | 5 6 |  6.0
Fire Magic     | 6 |  6.5

Action                   |  1- 3 |  4- 6 |  7- 9 || total
-------------------------+-------+-------+-------++-------
Melee: Unarmed           |     4 |       |       ||     4
       Bite              |     1 |     2 |     2 ||     5
       Spear             |       |     5 |    16 ||    21
 Cast: Foxfire           |    73 |    98 |   188 ||   359
       Scorch            |     2 |     8 |    27 ||    37
       Inner Flame       |     2 |     3 |       ||     5
       Flame Wave        |       |     1 |     6 ||     7
  Use: Scroll            |       |       |     6 ||     6
Armor: Robe              |     2 |     2 |     2 ||     6
       Steam dragon scal |       |       |     6 ||     6
Dodge: Dodged            |    10 |    16 |    41 ||    67

Table legend: (Time is in decaauts)
 A = Elapsed time spent in this place.
 B = Non-inter-level travel time spent in this place.
 C = Inter-level travel time spent in this place.
 D = Time resting spent in this place.
 E = Time spent auto-exploring this place.
 F = Levels seen in this place.
 G = Mean time per level.
                   A        B        C        D        E       F      G
               +--------+--------+--------+--------+--------+-----+--------+
         Total |   6867 |   6601 |    266 |      0 |   5350 |   9 |  763.0 |
       Dungeon |   6522 |   6266 |    256 |      0 |   5330 |   7 |  931.7 |
        Temple |    111 |    101 |     10 |      0 |     18 |   1 |  111.0 |
        Bailey |    232 |    232 |      0 |      0 |      2 |   1 |  232.0 |
               +--------+--------+--------+--------+--------+-----+--------+

Top non-repeatable levels by time:
     D:3: 1362 daAuts
     D:4: 1182 daAuts
     D:2: 1114 daAuts
     D:5: 1084 daAuts
     D:1: 998 daAuts
     D:6: 737 daAuts
  Bailey: 232 daAuts
  Temple: 111 daAuts
     D:7: 42 daAuts
